 Dungeon Crawl Stone Soup version 0.21-a0-440-g28109cb (webtiles) character file.

99 esteth the Grave Robber (level 4, -1/32 HPs)
             Began as a Gnoll Necromancer on Nov 9, 2017.
             Slain by Sigmund
             ... wielding a +0 scythe of slicing
              (3 damage)
             ... on level 3 of the Dungeon on Nov 10, 2017.
             The game lasted 00:06:52 (3352 turns).

esteth the Grave Robber (Gnoll Necromancer)         Turns: 3352, Time: 00:06:52

Health: -1/32      AC:  2    Str: 11    XL:     4   Next: 72%
Magic:  8/11       EV: 15    Int: 18    God:
Gold:   80         SH:  4    Dex: 15    Spells: 1/13 levels left

rFire    + + .     SeeInvis .   m - +1 trident
rCold    + + .     Gourm    .   (no shield)
rNeg     . . .     Faith    .   a - +0 robe
rPois    +         Spirit   .   (no helmet)
rElec    +         Reflect  +   l - scarf {rC+ rF+}
rCorr    +         Harm     .   (no gloves)
MR       .....                  (no boots)
Stlth    +++.......             q - +4 amulet of reflection
HPRegen  0.10/turn              (no ring)
MPRegen  0.12/turn              (no ring)

@: resistant
A: distributed training, fangs 1, strong nose
a: no special abilities


You were on level 3 of the Dungeon.
You were not hungry.

You visited 1 branch of the dungeon, and saw 3 of its levels.

You collected 80 gold pieces.

Inventory:

Hand Weapons
 e - a +0 spear
 m - a +1 trident (weapon)
Armour
 a - a +0 robe (worn)
 l - a scarf of resistance (worn)
Jewellery
 d - an uncursed ring of protection from fire {unknown}
 p - an uncursed ring of magical power {unknown}
 q - a +4 amulet of reflection (around neck)
 r - an uncursed ring of positive energy {unknown}
Scrolls
 k - a scroll of noise {unknown}
 s - a scroll of amnesia
Potions
 g - a potion of brilliance {unknown}
 h - 2 potions of flight {unknown}
 j - a potion of degeneration {unknown}
 n - 2 potions of heal wounds {unknown}
 o - a potion of resistance
Books
 b - a book of Necromancy

   Spells                             Type                      Level
   a - Pain                           Necromancy                   1
   b - Animate Skeleton               Necromancy                   1
   c - Vampiric Draining              Necromancy                   3
   d - Regeneration                   Charms/Necromancy            3
   e - Animate Dead                   Necromancy                   4
   f - Control Undead                 Necromancy                   4
Comestibles
 c - 3 bread rations
 f - 4 fruits
 i - 3 meat rations


   Skills:
 + Level 1.2 Fighting
 + Level 1.2 Short Blades
 + Level 1.2 Long Blades
 + Level 1.2 Axes
 + Level 1.2 Maces & Flails
 + Level 1.2 Polearms
 + Level 1.2 Staves
 + Level 1.2 Slings
 + Level 1.2 Bows
 + Level 1.2 Crossbows
 + Level 1.2 Throwing
 + Level 1.2 Armour
 + Level 4.6 Dodging
 + Level 4.3 Stealth
 + Level 1.2 Shields
 + Level 1.2 Unarmed Combat
 + Level 5.1 Spellcasting
 + Level 1.0 Conjurations
 + Level 1.0 Hexes
 + Level 1.0 Charms
 + Level 1.0 Summonings
 + Level 7.1 Necromancy
 + Level 1.0 Translocations
 + Level 1.0 Transmutations
 + Level 1.0 Fire Magic
 + Level 1.0 Ice Magic
 + Level 1.0 Air Magic
 + Level 1.0 Earth Magic
 + Level 1.0 Poison Magic
 + Level 1.3 Invocations
 + Level 1.2 Evocations


You had one spell level left.
You knew the following spells:

 Your Spells              Type           Power        Failure   Level  Hunger
a - Pain                  Necr           ####         1%          1    None
b - Animate Skeleton      Necr           N/A          1%          1    None
c - Vampiric Draining     Necr           ####......   1%          3    ##.....
d - Regeneration          Chrm/Necr      ###.......   8%          3    ##.....
e - Animate Dead          Necr           N/A          7%          4    ####...


Dungeon Overview and Level Annotations

Branches:
Dungeon (3/15)

Altars:

Annotations:
D:3 Sigmund


Innate Abilities, Weirdness & Mutations

Your experience applies equally to all skills.
You have very sharp teeth.
Your uncanny sense of smell can sniff out nearby items.


Message History

You puncture the rat!
You kill the rat!
You hit the adder.
The adder is lightly wounded.
The adder barely misses you.
Your goblin zombie hits the adder with an enchanted dagger.
The adder closely misses you. Something hits you!
Deactivating autopickup; reactivate with Ctrl-A.
You are too injured to fight recklessly!
Your goblin zombie hits the adder but does no damage.
You miss the adder.
The adder is severely wounded.
The adder bites you.
Your goblin zombie hits the adder with an enchanted dagger!
The adder dies!
It was a potion of resistance.
You feel protected. Something hits you!
* * * LOW HITPOINT WARNING * * *
You die...

........####.#.#
.............#.#
........####...# #
...###### #...# .. ...#
#...# ... ...# ######...#
...[ ..... .........#
.....
(.###########..#####......
... ...........@.)......@
#########..#Z####.#.#
..............#
########.#.##.# #.#.# #
#.#.. ∆ #.#.## #.#.# .#


You could see a friendly goblin zombie.

Vanquished Creatures
  2 adders
  2 worms (D:2)
  A dart slug (D:2)
  4 orcs
  A ball python (D:2)
  10 bats
  A giant cockroach (D:1)
  6 goblins
  5 hobgoblins
  6 jackals
  9 kobolds
  A quokka (D:2)
  4 frilled lizards
  7 rats
59 creatures vanquished.

Vanquished Creatures (collateral kills)
  An adder (D:3)
  A kobold (D:3)
2 creatures vanquished.

Grand Total: 61 creatures vanquished

Notes
Turn   | Place    | Note
-------+----------+-------------------------------------------
     0 | D:1      | esteth the Gnoll Necromancer began the quest for the Orb.
     0 | D:1      | Reached XP level 1. HP: 13/13 MP: 6/6
     2 | D:1      | Learned a level 1 spell: Animate Skeleton
   134 | D:1      | Upgraded the game from 0.21-a0-437-ge5bf024 to 0.21-a0-440-g28109cb
   222 | D:1      | Reached XP level 2. HP: 18/19 MP: 5/7
  1149 | D:1      | Reached XP level 3. HP: 25/25 MP: 9/9
  1181 | D:2      | Reached skill level 5 in Spellcasting
  1727 | D:1      | Reached skill level 1 in Invocations
  2045 | D:2      | Learned a level 3 spell: Vampiric Draining
  2572 | D:2      | Reached skill level 1 in Fighting
  2572 | D:2      | Reached skill level 1 in Short Blades
  2572 | D:2      | Reached skill level 1 in Long Blades
  2572 | D:2      | Reached skill level 1 in Axes
  2572 | D:2      | Reached skill level 1 in Maces & Flails
  2572 | D:2      | Reached skill level 1 in Polearms
  2572 | D:2      | Reached skill level 1 in Staves
  2572 | D:2      | Reached skill level 1 in Slings
  2572 | D:2      | Reached skill level 1 in Bows
  2572 | D:2      | Reached skill level 1 in Crossbows
  2572 | D:2      | Reached skill level 1 in Throwing
  2572 | D:2      | Reached skill level 1 in Armour
  2572 | D:2      | Reached skill level 1 in Shields
  2572 | D:2      | Reached skill level 1 in Unarmed Combat
  2572 | D:2      | Reached skill level 1 in Evocations
  2572 | D:2      | Reached XP level 4. HP: 22/32 MP: 2/11
  3029 | D:2      | Learned a level 3 spell: Regeneration
  3034 | D:2      | Learned a level 4 spell: Animate Dead
  3336 | D:3      | Noticed Sigmund
  3347 | D:3      | Reached skill level 1 in Conjurations
  3347 | D:3      | Reached skill level 1 in Hexes
  3347 | D:3      | Reached skill level 1 in Charms
  3347 | D:3      | Reached skill level 1 in Summonings
  3347 | D:3      | Reached skill level 1 in Translocations
  3347 | D:3      | Reached skill level 1 in Transmutations
  3347 | D:3      | Reached skill level 1 in Fire Magic
  3347 | D:3      | Reached skill level 1 in Ice Magic
  3347 | D:3      | Reached skill level 1 in Air Magic
  3347 | D:3      | Reached skill level 1 in Earth Magic
  3347 | D:3      | Reached skill level 1 in Poison Magic
  3352 | D:3      | Slain by Sigmund

Vault maps used:
D:1:      onia_arrival_mini_maze_b
D:2:      first_bread
D:3:      overflow_temple_1_default, nicolae_overflow_hidden_temple,
          uniq_sigmund

Skill      XL: |  1  2  3  4 |
---------------+-------------+-----
Spellcasting   | 5 |  5.1
Invocations    | 1 |  1.3
Fighting       | 1 |  1.2
Short Blades   | 1 |  1.2
Long Blades    | 1 |  1.2
Axes           | 1 |  1.2
Maces & Flails | 1 |  1.2
Polearms       | 1 |  1.2
Staves         | 1 |  1.2
Slings         | 1 |  1.2
Bows           | 1 |  1.2
Crossbows      | 1 |  1.2
Throwing       | 1 |  1.2
Armour         | 1 |  1.2
Shields        | 1 |  1.2
Unarmed Combat | 1 |  1.2
Evocations     | 1 |  1.2
Conjurations   | 1 |  1.0
Hexes          | 1 |  1.0
Charms         | 1 |  1.0
Summonings     | 1 |  1.0
Translocations | 1 |  1.0
Transmutations | 1 |  1.0
Fire Magic     | 1 |  1.0
Ice Magic      | 1 |  1.0
Air Magic      | 1 |  1.0
Earth Magic    | 1 |  1.0
Poison Magic   | 1 |  1.0
Dodging        | |  4.6
Stealth        | |  4.3
Necromancy     | |  7.1

Action                   |  1- 3 |  4- 6 || total
-------------------------+-------+-------++-------
Melee: Unarmed           |    18 |       ||    18
       Bite              |     7 |     4 ||    11
       Spear             |    39 |       ||    39
       Trident           |    38 |    55 ||    93
 Cast: Pain              |    43 |     5 ||    48
       Animate Skeleton  |     1 |       ||     1
       Vampiric Draining |     1 |       ||     1
       Regeneration      |       |     2 ||     2
       Animate Dead      |       |     1 ||     1
  Use: Scroll            |     4 |       ||     4
       Potion            |       |     1 ||     1
 Stab: Sleeping          |    10 |     3 ||    13
  Eat: Chunk             |     5 |     3 ||     8
Armor: Robe              |    16 |     6 ||    22
Dodge: Dodged            |   101 |    37 ||   138
Block: Other             |       |     6 ||     6

Table legend:
 A = Spawn XP
 B = Non-spawn XP
 C = Spawn XP percentage of total XP
 D = Spawn monster count
 E = Non-spawn monster count
 F = Spawn count percentage of total count
 G = Total turns spent on level
                    A         B        C        D         E        F      G
               +---------+---------+-------+---------+---------+-------+---------
         Total |       0 |     142 |   0.0 |       0 |      61 |   0.0 |  3352
               +---------+---------+-------+---------+---------+-------+---------
           D:1 |       0 |      42 |   0.0 |       0 |      23 |   0.0 |  1830
           D:2 |       0 |      63 |   0.0 |       0 |      25 |   0.0 |  1370
           D:3 |       0 |      37 |   0.0 |       0 |      13 |   0.0 |   152
               +---------+---------+-------+---------+---------+-------+---------
